 Dungeon Crawl Stone Soup version 0.29-a0-341-g24ffce5b50 (webtiles) character file.

Game seed: 8309925256355090230

59831 spaghetti the Slinger (level 14, -15/104 HPs)
             Began as a Demonspawn Hunter on Apr 20, 2022.
             Was a High Priest of Hepliaklqana.
             Demolished by a tengu warrior
             ... wielding a +0 glaive of holy wrath
              (24 damage)
             ... on level 10 of the Dungeon.
             The game lasted 00:37:19 (21335 turns).

spaghetti the Slinger (Demonspawn Hunter)          Turns: 21335, Time: 00:37:20

Health: -15/104    AC: 24    Str: 11    XL:     14   Next: 54%
Magic:  16/16      EV: 22    Int: 14    God:    Hepliaklqana [*****.]
Gold:   1539       SH: 13    Dex: 28    Spells: 11/13 levels left

rFire   + + .      SeeInvis .   b - +4 dagger "Ulawa" {venom, rElec Dex+3, short}
rCold   x . .      Faith    .   g - +3 buckler "Funa" {rCorr Dex+3}
rNeg    . . .      Spirit   .   v - +0 fire dragon scales
rPois   .          Reflect  +   o - +2 hat {Int+3}
rElec   +          Harm     .   i - +2 cloak
rCorr   +          Rampage  .   X - +0 pair of gloves
Will    +....                   y - +2 pair of boots
Stlth   +.........              q - amulet of reflection
HPRegen 0.27/turn               J - +4 ring of protection
MPRegen 0.15/turn               (no ring)

@: mighty, agile
A: reduced essence, claws 1, thin metallic scales 2, powered by pain 3, spiny 2,
sense surroundings 1
a: Renounce Religion, Recall Ancestor, Ancestor Identity, Transference, Idealise


You were on level 10 of the Dungeon.
You worshipped Hepliaklqana.
Hepliaklqana was extremely pleased with you.
You visited 3 branches of the dungeon, and saw 17 of its levels.

You collected 1686 gold pieces.
You spent 147 gold pieces at shops.


Innate Abilities, Weirdness & Mutations

Your life essence is reduced to manifest your ancestor. (-10% HP)
You have sharp fingernails.
You are mostly covered in thin metallic scales. (AC +3)
You are powered by pain.
You are mostly covered in sharp spines.
You passively map a small area around you.


   Skills:
 * Level 12.5 Fighting
 + Level 14.0 Slings
 + Level 1.5 Armour
 + Level 13.5 Dodging
 - Level 0.8 Stealth
 - Level 9.0 Transmutations
 + Level 3.5 Invocations


You had 11 spell levels left.
You knew the following spells:

 Your Spells              Type           Power      Damage    Failure   Level
a - Wereblood             Tmut           25%        N/A       13%         2

Your spell library contained the following spells:

 Spells                   Type           Power      Damage    Failure   Level
 Beastly Appendage        Tmut           50%        N/A       9%          1
 Passwall                 Tmut/Erth      10%        N/A       63%         2
 Spider Form              Tmut/Pois      12%        N/A       85%         3
 Sandblast                Erth           0%         2d4       98%         1
 Slow                     Hex            0%         N/A       98%         1
 Summon Small Mammal      Summ           0%         N/A       98%         1
 Ensorcelled Hibernation  Hex/Ice        0%         N/A       99%         2
 Scorch                   Fire           0%         2d5       99%         2
 Call Canine Familiar     Summ           0%         N/A       100%        3
 Confusing Touch          Hex            0%         N/A       100%        3
 Gell's Gravitas          Tloc           0%         N/A       100%        3
 Lesser Beckoning         Tloc           0%         N/A       100%        3
 Stone Arrow              Conj/Erth      0%         3d7       100%        3
 Summon Guardian Golem    Hex/Summ       0%         N/A       100%        3
 Teleport Other           Tloc           0%         N/A       100%        3
 Vampiric Draining        Necr           0%         2d6       100%        3
 Anguish                  Hex/Necr       0%         N/A       100%        4
 Animate Armour           Summ/Erth      0%         N/A       100%        4
 Cause Fear               Hex            0%         N/A       100%        4
 Flame Wave               Conj/Fire      0%         2d4       100%        4
 Summon Cactus Giant      Summ           0%         N/A       100%        6
 Dragon Form              Tmut           12%        N/A       100%        7
 Orb of Destruction       Conj           0%         9d5       100%        7
 Spellforged Servitor     Conj/Summ      0%         N/A       100%        7
 Lehudib's Crystal Spear  Conj/Erth      0%         10d2      100%        8
 Dragon's Call            Summ           0%         N/A       100%        9

Inventory:

Hand Weapons
 a - a +2 hunting sling {sling}
 b - the +4 dagger "Ulawa" (weapon) {venom, rElec Dex+3, short}
   (You bought it in a shop on level 5 of the Dungeon)

   It poisons the flesh of those it strikes.
   Dex:       It affects your dexterity (+3).
   rElec:     It insulates you from electricity.
 u - a +0 quarterstaff of freezing {staff}
   (You took it off Fannar on level 3 of the Lair of Beasts)
 V - the +4 hand axe of Havoc {vorpal, rCorr, axe}
   (You found it on level 4 of the Lair of Beasts)

   It inflicts extra damage upon your enemies.
   rCorr:     It protects you from acid and corrosion.
Missiles
 d - 482 stones {throwing}
 p - 2 curare-tipped darts {=fthrowing}
 z - 46 poisoned darts {throwing}
 G - 5 throwing nets {=f!fthrowing}
 L - 8 boomerangs {throwing}
 S - 6 atropa-tipped darts {throwing}
 W - 4 javelins {throwing}
Armour
 g - the +3 buckler "Funa" (worn) {rCorr Dex+3}
   (You acquired it on level 2 of the Lair of Beasts)

   Dex:       It affects your dexterity (+3).
   rCorr:     It protects you from acid and corrosion.
 i - a +2 cloak (worn)
   (You found it on level 10 of the Dungeon)
 o - a +2 hat of intelligence (worn)
   (You took it off Gastronok on level 1 of the Lair of Beasts)
 v - +0 fire dragon scales (worn)
   (You found it on level 6 of the Lair of Beasts)
 y - a +2 pair of boots (worn)
   (You found it on level 4 of the Dungeon)
 X - a +0 pair of gloves (worn)
   (You found it on level 10 of the Dungeon)
Magical Staves
 l - a staff of poison {!astaff}
   (You found it on level 1 of the Dungeon)
 m - a staff of conjuration {!a@e2staff}
   (You found it on level 1 of the Dungeon)
Jewellery
 q - an amulet of reflection (around neck)
   (You found it on level 2 of the Dungeon)
 A - a ring of willpower
   (You found it on level 4 of the Dungeon)
 B - a ring of ice
   (You took it off Fannar on level 3 of the Lair of Beasts)
 J - a +4 ring of protection (left hand)
   (You found it on level 6 of the Dungeon)
 M - a ring of positive energy
   (You found it on level 6 of the Lair of Beasts)
 T - a ring of poison resistance
   (You took it off a kobold on level 8 of the Dungeon)
Wands
 j - a wand of paralysis (8)
   (You found it on level 2 of the Lair of Beasts)
 n - a wand of acid (6)
   (You found it on level 3 of the Lair of Beasts)
 E - a wand of digging (7)
   (You found it on level 4 of the Lair of Beasts)
 F - a wand of iceblast (8)
   (You found it on level 4 of the Lair of Beasts)
 H - a wand of flame (10)
   (You found it on level 6 of the Lair of Beasts)
 Z - a wand of mindburst (6)
   (You found it on level 10 of the Dungeon)
Scrolls
 c - 2 scrolls of immolation {!r!r}
 h - 4 scrolls of blinking {!r}
 k - 6 scrolls of noise {!r}
 r - 2 scrolls of vulnerability {!r!r}
 s - 7 scrolls of teleportation {@r4}
 t - 2 scrolls of enchant armour
 w - 2 scrolls of holy word {!r}
 x - 2 scrolls of fog
 I - 3 scrolls of enchant weapon
 K - 2 scrolls of magic mapping {!r}
 N - 3 scrolls of amnesia
 Q - 5 scrolls of silence {!r}
Potions
 e - 14 potions of curing {@q1}
 f - 4 potions of lignification {!q}
 C - 2 potions of attraction {!q}
 D - 6 potions of brilliance
 O - 4 potions of degeneration {!q@e2}
 P - a potion of ambrosia
 R - 2 potions of mutation {!q}
 U - 2 potions of cancellation
 Y - a potion of flight

Dungeon Overview and Level Annotations

Branches:
Dungeon (10/15)            Temple (1/1) D:5            Lair (6/6) D:10
 Shoals (0/4) Lair:4        Snake (0/4) Lair:4        Slime (0/5) Lair:6
    Orc (0/2) D:9

Altars:
Ashenzari
Cheibriados
Dithmenos
Elyvilon
Fedhas
Gozag
Hepliaklqana
Kikubaaqudgha
Makhleb
Nemelex Xobeh
Okawaru
Qazlal
Ru
Sif Muna
Trog
Uskayaw
Vehumet
Wu Jian
Yredelemnul
Zin
The Shining One

Shops:
D:5 (

Annotations:
Lair:2 2 transporters

..##...#.....#.....#.###(#.###.#.
.#####.#..#..#..###..##†)##.).##.
... ..###'####..##..#..####'###.
.... ,##.....###..#....###..#..##
..#. ##.#####.###.....###..###..#
..#.##.#.....#.#########.#.....#.
..#.#.#†.###..#.##.# #...##.##..
....#.#.#)..#.#.#(# #.#.#...#.#
.[..#,#.#.#.#.#.@# * *###...⌠[..#
....# #.#...#.#.#Q# #.#.#...#.#
....#,#..###..#.##.# #...##.##..
....##.#.....#.#########.#.....#.
.....##.#####.###.....###.)###..#
...#..##.....#####...#####..#..##
..###..#########.##.##.#####†###.
..####.#.....#.##.#.#.##.#.....#.
.......#.###†#..##...##..#.#...#.


You could see a tengu warrior (extremely poisoned).


Message History

😮 HP[+1]
You hit the cyclops.
The cyclops looks as sick as possible!
You block the efreet's attack.
You puncture the cyclops!
The cyclops looks as sick as possible!
You hear a shout!
You block the cyclops's attack. The efreet gestures at you.
The bolt of fire misses you.
You hit the cyclops.
The cyclops looks as sick as possible!
You block the cyclops's attack. You block the efreet's attack.
You completely miss the cyclops. You block the efreet's attack.
Traffic points at the cyclops and mumbles some strange words.
The puff of frost hits the cyclops.
The cyclops throws a large rock.
The large rock closely misses you.
The large rock hits Traffic!! 😮 HP[+1]
You puncture the cyclops! The efreet gestures at you.
The fireball explodes!
The fireball engulfs you. You resist.
The fireball engulfs Traffic.
Traffic resists.
The fireball engulfs the cyclops!!
The cyclops dies!
The fireball engulfs the efreet.
The efreet completely resists. 😮 HP[-4]
You take 4 damage, and now have 61/104 hp.
You puncture the efreet!
The efreet is poisoned.
The manticore flicks its tail.
The volley of spikes misses you.
The volley of spikes hits Traffic!!
Traffic is destroyed!
The efreet completely misses you.
You barely miss the efreet.
The manticore flicks its tail.
The volley of spikes misses you.
The efreet completely misses you. 😮 HP[+1]
You hit the efreet but do no damage.
The efreet looks as sick as possible!
The efreet is struck by your spines. The efreet misses you.
You puncture the efreet! You block the manticore's attack.
The manticore claws you but does no damage.
The manticore completely misses you. The efreet gestures at you.
The fireball explodes!
The fireball engulfs you. You resist.
The fireball engulfs the manticore!!
The fireball engulfs the efreet.
The efreet completely resists. 😮 HP[-3]
You take 3 damage, and now have 59/104 hp.
You puncture the efreet!
You kill the efreet!
The manticore is struck by your spines. The manticore bites you!
* * * LOW HITPOINT WARNING * * *
The manticore claws you.
* * * LOW HITPOINT WARNING * * *
The manticore misses you.
A tengu warrior comes into view.
It is wielding a +0 glaive of holy wrath. 😨 HP[-12]
You take 12 damage, and now have 47/104 hp.
You hit the manticore.
The manticore is poisoned.
You block the manticore's attack. x2
The manticore claws you but does no damage.
The tengu warrior is struck by your spines.
The tengu warrior completely misses you. x2
The tengu warrior barely misses you. 😨 HP[+1]
You hit the manticore.
The manticore looks as sick as possible!
You block the manticore's attack. x2; The manticore claws you.
* * * LOW HITPOINT WARNING * * *
You block the tengu warrior's attack.
The tengu warrior pecks you but does no damage.
The tengu warrior claws you.
* * * LOW HITPOINT WARNING * * *
😨 HP[-3]
You take 3 damage, and now have 45/104 hp.
You puncture the manticore!
You kill the manticore!
You block the tengu warrior's attack.
The tengu warrior pecks you but does no damage.
You block the tengu warrior's attack.
You puncture the tengu warrior!
The tengu warrior is poisoned.
The tengu warrior hits you but does no damage.
The tengu warrior barely misses you.
You block the tengu warrior's attack. 😨 HP[+1]
You puncture the tengu warrior!
The tengu warrior looks as sick as possible!
The tengu warrior is struck by your spines.
The tengu warrior hits you with a +0 glaive of holy wrath!
* * * LOW HITPOINT WARNING * * *
You convulse!
* * * LOW HITPOINT WARNING * * *
You block the tengu warrior's attack.
The tengu warrior closely misses you. 😱 HP[-21]
You take 21 damage, and now have 25/104 hp.
MASSIVE DAMAGE!! (PAUSE)
You puncture the tengu warrior!
The tengu warrior hits you but does no damage.
You block the tengu warrior's attack. x2
You barely miss the tengu warrior.
The tengu warrior hits you with a +0 glaive of holy wrath!
* * * LOW HITPOINT WARNING * * *
You convulse!!
You die...

Skill      XL: |  1  2  3  4  5  6  7  8  9 10 11 12 13 14 |
---------------+-------------------------------------------+-----
Slings         | 4 5 6 7 8 9 10 11 12 13 14 | 14.0
Dodging        | 2 3 4 5 6 8 9 10 12 13 | 13.5
Transmutations | 3 4 6 8 9 |  9.0
Fighting       | 5 8 11 12 | 12.5
Invocations    | 3 |  3.5
Armour         | 1 |  1.5
Stealth        | |  0.8

Action                   |  1- 3 |  4- 6 |  7- 9 | 10-12 | 13-15 || total
-------------------------+-------+-------+-------+-------+-------++-------
Melee: Flail             |       |    12 |   137 |       |       ||   149
       Punch             |       |       |     3 |       |       ||     3
       Dagger            |       |       |    58 |   139 |   300 ||   497
 Fire: Hunting sling     |   115 |   124 |   246 |   606 |   273 ||  1364
Throw: Dart              |       |     2 |     2 |     2 |       ||     6
       Throwing net      |       |       |       |     4 |       ||     4
 Cast: Wereblood         |       |       |       |     7 |       ||     7
Invok: Ancestor Identity |       |       |     1 |       |       ||     1
       Ancestor Life: Ba |       |       |       |     1 |       ||     1
       Recall Ancestor   |       |       |       |     1 |       ||     1
       Idealise          |       |       |       |       |     3 ||     3
Evoke: Wand              |       |       |     1 |       |     2 ||     3
  Use: Scroll            |     5 |       |     1 |    15 |     5 ||    26
       Potion            |       |     5 |     9 |     3 |     3 ||    20
 Stab: Distracted        |       |       |     2 |     3 |     7 ||    12
Armor: Leather armour    |    15 |    12 |    63 |       |       ||    90
       Skin              |       |    15 |    21 |       |       ||    36
       Steam dragon scal |       |       |    30 |    65 |    95 ||   190
       Fire dragon scale |       |       |       |       |    48 ||    48
Dodge: Dodged            |    15 |    45 |   188 |   177 |   376 ||   801
Block: Other             |     1 |    15 |    50 |       |       ||    66
       Reflection        |       |     2 |     2 |     9 |     2 ||    15
       Buckler           |       |       |    65 |   157 |   334 ||   556

Levels and vault maps discovered:
D:1:      beargit_arrival_greenhouse, layout_rooms
D:2:      layout_loops_ring, shapermc_ecumenical_altar_rom_forum
D:3:      minmay_octagon_keep, layout_basic, corexii_item_surrounded_by_moat,
          nicolae_grassy_gnolls
D:4:      layout_loops_corners, minmay_goblin_outpost, uniq_duvessa
D:5:      layout_cave_pools, minmay_temple_entry_stoned_glass,
          serial_gnoll_camp, gnoll_camp_mini_shop, gnoll_camp_huts_basic,
          gnoll_camp_mini_hut, grums_kennel, uniq_edmund, uniq_blork_the_orc,
          uniq_grinder, uniq_pikel
D:6:      layout_cave_pools, minmay_pentangle
D:7:      layout_rooms, nicolae_overflow_hidden_temple, amcnicky_altar_gilded,
          minmay_misc_feat_tiny
D:8:      minmay_evil_eye, layout_basic, ashenzari_conservatory_becter
D:9:      layout_layer_cave, fedhas_ov_isle_minmay, erik_orc_2,
          dreamdust_mushroom_princess, uniq_joseph
D:10:     minmay_the_grid_octo_tiled_squarecenter [minmay_the_grid_octo_focus,
          minmay_the_grid_octo_pinwheel, minmay_the_grid_octo_concentric,
          minmay_the_grid_octo_clover_2,
          minmay_the_grid_square_5x5_megaprize_checkered,
          minmay_the_grid_square_5x5_fat_x,
          minmay_the_grid_square_5x5_eight_small,
          minmay_the_grid_square_5x5_two_walls_a,
          minmay_the_grid_square_5x5_minibox], layout_basic,
          mainiacjoe_overflow_catch_the_wave,
          nicolae_overflow_hallway_of_the_gods, erik_lair_orcish_takeover,
          enter_bailey_8, uniq_grum
Temple:   cyrus_temple_forest
Lair:1:   layout_big_grid, uniq_maggie, uniq_gastronok
Lair:2:   gammafunk_cloud_chamber, layout_cave_pods, grunt_megastairs_5
Lair:3:   layout_gridlike, uniq_fannar
Lair:4:   layout_gridlike, minmay_shoals_entry_lonely_mermaid, dummy_snake_entry
Lair:5:   layout_cave_pods, infiniplex_staircase_pool_2
Lair:6:   wormcave, layout_misc_corridors, nicolae_slime_entry_slimehenge

Notes
Turn   | Place    | Note
-------+----------+-------------------------------------------
     0 | D:1      | spaghetti the Demonspawn Hunter began the quest for the
                  | Orb.
     0 | D:1      | Reached XP level 1. HP: 16/16 MP: 1/1
     0 | D:1      | magus.rc [v1.9.6]
   108 | D:1      | Reached skill level 4 in Slings
   138 | D:1      | Gained mutation: You are partially covered in thin metallic
                  | scales. (AC +2) [demonic ancestry]
   138 | D:1      | Reached XP level 2. HP: 22/22 MP: 2/2
   395 | D:1      | Gained mutation: You sometimes gain a little power by
                  | taking damage. [demonic ancestry]
   395 | D:1      | Reached XP level 3. HP: 27/27 MP: 3/3
   581 | D:1      | Reached skill level 2 in Dodging
   873 | D:2      | You pick up a book of Displacement and begin reading...
   873 | D:2      | You add the spells Lesser Beckoning, Gell's Gravitas and
                  | Teleport Other to your library.
  1292 | D:2      | Found a faded altar of an unknown god.
  1300 | D:2      | Got Plato's Guide on Creation
  1516 | D:3      | Reached XP level 4. HP: 33/33 MP: 4/4
  1542 | D:3      | Reached skill level 5 in Slings
  1548 | D:3      | Reached skill level 3 in Dodging
  1585 | D:3      | Reached XP level 5. HP: 37/38 MP: 5/5
  1821 | D:3      | Noticed a centaur
  1831 | D:3      | Killed a centaur
  1973 | D:4      | Noticed Dowan
  1975 | D:4      | Noticed Duvessa
  1990 | D:4      | Killed Duvessa
  1991 | D:4      | Reached skill level 4 in Dodging
  1991 | D:4      | Gained mutation: You are mostly covered in thin metallic
                  | scales. (AC +3) [demonic ancestry]
  1991 | D:4      | Reached XP level 6. HP: 17/44 MP: 2/6
  1991 | D:4      | Killed Dowan
  1992 | D:4      | Reached skill level 6 in Slings
  1994 | D:4      | HP: 8/66 [iguana (10)]
  2952 | D:4      | You pick up a book of Changes and begin reading...
  2952 | D:4      | You add the spells Beastly Appendage, Wereblood and Spider
                  | Form to your library.
  2984 | D:4      | Reached XP level 7. HP: 50/50 MP: 7/7
  3173 | D:4      | Learned a level 2 spell: Wereblood
  3253 | D:5      | Entered Level 5 of the Dungeon
  3416 | D:5      | Noticed Pikel
  3509 | D:4      | Reached skill level 5 in Dodging
  3509 | D:4      | Reached skill level 1 in Transmutations
  3943 | D:4      | HP: 16/75 [Pikel/+0 whip of electrocution (12)]
  3945 | D:4      | Killed Pikel
  3946 | D:4      | Reached skill level 7 in Slings
  3946 | D:4      | Reached skill level 3 in Transmutations
  3946 | D:4      | Gained mutation: You are partially covered in sharp spines.
                  | [demonic ancestry]
  3946 | D:4      | Reached XP level 8. HP: 19/56 MP: 8/8
  3950 | D:4      | Reached skill level 6 in Dodging
  4254 | D:5      | Noticed Blork the orc
  4258 | D:5      | Noticed Grum
  4261 | D:5      | Noticed Grinder
  4269 | D:5      | Paralysed by Grinder for 2 turns
  4276 | D:5      | Killed Blork the orc
  4471 | D:6      | Reached skill level 4 in Transmutations
  4773 | D:5      | Found a staircase to the Ecumenical Temple.
  4784 | D:5      | Paralysed by Grinder for 5 turns
  4797 | D:5      | Killed Grinder
  4798 | D:5      | Reached skill level 8 in Slings
  4798 | D:5      | Gained mutation: You sometimes gain power by taking damage.
                  | [demonic ancestry]
  4798 | D:5      | Reached XP level 9. HP: 33/61 MP: 9/9
  4799 | Temple   | Entered the Ecumenical Temple
  4988 | Temple   | Became a worshipper of Hepliaklqana the Forgotten
  5034 | D:5      | Killed Grum
  5040 | D:5      | Reached skill level 7 in Dodging
  5197 | D:5      | Reached skill level 5 in Transmutations
  5394 | D:5      | Noticed Edmund
  5414 | D:5      | Killed Edmund
  5536 | D:5      | You pick up a book of Dangerous Friends and begin
                  | reading...
  5536 | D:5      | You add the spells Summon Guardian Golem, Orb of
                  | Destruction and Spellforged Servitor to your library.
  5574 | D:5      | Found Wiac's Antique Weapon Shoppe.
  5595 | D:5      | Bought a dazzling dagger for 147 gold pieces
  5595 | D:5      | Identified the +4 dagger "Ulawa" {venom, rElec Dex+3} (You
                  | bought it in a shop on level 5 of the Dungeon)
  6142 | D:6      | Reached * piety under Hepliaklqana
  6224 | D:6      | You pick up a book of Debilitation and begin reading...
  6224 | D:6      | You add the spells Slow, Vampiric Draining and Confusing
                  | Touch to your library.
  6274 | D:6      | You pick up a book of Displacement and begin reading...
  6409 | D:6      | Reached skill level 6 in Transmutations
  6636 | D:7      | Reached skill level 9 in Slings
  6640 | D:7      | Reached skill level 8 in Dodging
  6828 | D:7      | Found an ancient bone altar of Kikubaaqudgha.
  6858 | D:7      | Gained mutation: You are powered by pain. [demonic
                  | ancestry]
  6858 | D:7      | Reached XP level 10. HP: 50/60 MP: 10/10
  7136 | D:7      | Noticed a gargoyle
  7157 | D:7      | Killed a gargoyle
  7159 | D:7      | You pick up a book of Armaments and begin reading...
  7159 | D:7      | You add the spells Stone Arrow, Animate Armour and
                  | Lehudib's Crystal Spear to your library.
  7435 | D:7      | Found a sparkling altar of Nemelex Xobeh.
  7527 | D:7      | Reached ** piety under Hepliaklqana
  7528 | D:7      | Remembered your ancestor Traffic as a battlemage
  7896 | D:8      | Reached skill level 7 in Transmutations
  8093 | D:8      | Found a broken altar of Ashenzari.
  8504 | D:9      | Noticed Joseph
  8512 | D:9      | Killed Joseph
  8513 | D:9      | Reached skill level 9 in Dodging
  8623 | D:9      | Reached skill level 10 in Slings
  8737 | D:9      | You pick up a book of Geomancy and begin reading...
  8737 | D:9      | You add the spells Sandblast and Passwall to your library.
  8805 | D:9      | Found a blossoming altar of Fedhas.
  8867 | D:9      | Reached *** piety under Hepliaklqana
  9205 | D:9      | You pick up a book of Callings and begin reading...
  9234 | D:9      | Found a staircase to the Orcish Mines.
  9239 | D:9      | Reached skill level 8 in Transmutations
  9741 | D:10     | Entered Level 10 of the Dungeon
  9826 | D:10     | Noticed a two-headed ogre
  9831 | D:10     | Killed a two-headed ogre
  9832 | D:10     | Gained mutation: You are mostly covered in sharp spines.
                  | [demonic ancestry]
  9832 | D:10     | Reached XP level 11. HP: 55/64 MP: 11/11
  9922 | D:10     | Found a staircase to the Lair.
 10126 | Lair:1   | Entered Level 1 of the Lair of Beasts
 10379 | Lair:1   | Reached skill level 10 in Dodging
 10509 | Lair:1   | Reached **** piety under Hepliaklqana
 10676 | Lair:1   | Reached skill level 3 in Fighting
 10733 | Lair:1   | Noticed Gastronok
 10736 | Lair:1   | Noticed Maggie
 10746 | Lair:1   | HP: 12/67 [Gastronok/the air (23)]
 10749 | Lair:1   | Killed Gastronok
 10750 | Lair:1   | Reached skill level 11 in Slings
 10758 | Lair:1   | Killed Maggie
 10759 | Lair:1   | Reached skill level 9 in Transmutations
 10911 | Lair:1   | Reached skill level 4 in Fighting
 11073 | Lair:1   | You pick up a book of Dreams and begin reading...
 11073 | Lair:1   | You add the spells Ensorcelled Hibernation and Anguish to
                  | your library.
 11294 | Lair:2   | Found a transporter.
 11746 | Lair:2   | Identified a scroll of acquirement
 11746 | Lair:2   | Acquired the +3 buckler "Funa" {rCorr Dex+3}
 11840 | Lair:2   | Reached ***** piety under Hepliaklqana
 11899 | Lair:2   | Noticed a six-headed hydra
 11910 | Lair:2   | Killed a six-headed hydra
 11912 | Lair:2   | Reached skill level 5 in Fighting
 12001 | Lair:2   | Found a transporter.
 12329 | Lair:3   | Gained mutation: You have sharp fingernails. [demonic
                  | ancestry]
 12329 | Lair:3   | Reached XP level 12. HP: 77/77 MP: 12/12
 12399 | Lair:3   | You pick up a book of the Dragon and begin reading...
 12399 | Lair:3   | You add the spells Cause Fear, Dragon Form and Dragon's
                  | Call to your library.
 12427 | Lair:3   | Reached skill level 11 in Dodging
 12453 | Lair:3   | You pick up a book of Dreams and begin reading...
 12661 | Lair:3   | Noticed Fannar
 12681 | Lair:3   | Killed Fannar
 12894 | Lair:3   | Reached skill level 6 in Fighting
 13142 | Lair:4   | Reached skill level 12 in Slings
 13143 | Lair:4   | Identified the +3 war axe of the Lair of Beasts {holy, rF+
                  | rCorr MP+9 SInv}
 13282 | Lair:4   | Found a staircase to the Snake Pit.
 13430 | Lair:4   | You pick up a book of Scorching and begin reading...
 13430 | Lair:4   | You add the spells Scorch, Flame Wave and Summon Cactus
                  | Giant to your library.
 13507 | Lair:4   | Noticed a death yak
 13507 | Lair:4   | Noticed a death yak
 13508 | Lair:4   | Noticed a death yak
 13510 | Lair:4   | Noticed a death yak
 13513 | Lair:4   | Noticed a death yak
 13767 | Lair:5   | Killed a death yak
 13788 | Lair:5   | Killed a death yak
 13789 | Lair:5   | Reached skill level 7 in Fighting
 13796 | Lair:5   | HP: 12/81 [death yak (17)]
 13828 | Lair:5   | Killed a death yak
 14007 | Lair:5   | Noticed an eight-headed hydra
 14016 | Lair:5   | Killed an eight-headed hydra
 14437 | Lair:5   | Noticed an eight-headed hydra
 14448 | Lair:5   | Killed an eight-headed hydra
 14449 | Lair:5   | Reached skill level 12 in Dodging
 14718 | Lair:5   | Reached skill level 8 in Fighting
 14746 | Lair:5   | Killed a death yak
 14747 | Lair:5   | Reached XP level 13. HP: 74/88 MP: 13/13
 15263 | Lair:6   | Entered Level 6 of the Lair of Beasts
 15874 | Lair:5   | Reached skill level 9 in Fighting
 16291 | Lair:6   | Reached skill level 13 in Slings
 16912 | Lair:5   | Reached skill level 10 in Fighting
 17475 | Lair:6   | Reached skill level 11 in Fighting
 17586 | Lair:6   | Reached skill level 13 in Dodging
 17734 | Lair:6   | Reached XP level 14. HP: 94/101 MP: 14/14
 17774 | Lair:6   | Found a staircase to the Slime Pits.
 18088 | Lair:6   | Found a runed translucent door.
 18867 | Lair:6   | Gained mutation: You are dopey. (Int -2) [potion of
                  | mutation]
 18867 | Lair:6   | Lost mutation: You are dopey. (Int -2) [potion of mutation]
 18867 | Lair:6   | Gained mutation: You passively map a small area around you.
                  | [potion of mutation]
 18872 | Lair:6   | HP: 18/102 [fire dragon/blast of flame (34)]
 19674 | Lair:4   | Reached skill level 1 in Invocations
 19678 | Lair:4   | Reached skill level 12 in Fighting
 20079 | Lair:4   | Identified the +4 hand axe of Havoc {vorpal, rCorr}
 20135 | Lair:4   | Found a staircase to the Shoals.
 20642 | D:10     | Found a bloodstained altar of Trog.
 20642 | D:10     | Found a stormy altar of Qazlal.
 20647 | D:10     | Found an ornate altar of the Wu Jian Council.
 20675 | D:10     | Found an iron altar of Okawaru.
 20680 | D:10     | Found a burning altar of Makhleb.
 20713 | D:10     | Reached skill level 2 in Invocations
 21146 | D:10     | Reached skill level 14 in Slings
 21146 | D:10     | Reached skill level 1 in Armour
 21164 | D:10     | Reached skill level 3 in Invocations
 21333 | D:10     | HP: 25/104 [tengu warrior/+0 glaive of holy wrath (11)]
 21335 | D:10     | HP: 9/104 [tengu warrior/+0 glaive of holy wrath (16)]
 21335 | D:10     | Demolished by a tengu warrior

Vanquished Creatures
  6 hydras
  Fannar (Lair:3)
  A catoblepas (Lair:6)
  A two-headed ogre (D:10)
  6 death yaks (Lair:5)
  2 lindwurms (Lair:6)
  Pikel (D:4)
  An orc knight (D:10)
  A deep elf pyromancer (D:10)
  A cyclops (D:10)
  2 manticores (D:10)
  4 elephants
  Joseph (D:9)
  A gargoyle (D:7)
  7 cane toads
  A black mamba (Lair:3)
  3 torpor snails
  Maggie (Lair:1)
  A rime drake (Lair:1)
  An efreet (D:10)
  A komodo dragon (Lair:3)
  2 tyrant leeches (Lair:6)
  A polar bear (Lair:5)
  Grinder (D:5)
  8 blink frogs
  2 dream sheep
  2 shadows (D:10)
  A wraith (D:9)
  A wyvern (D:10)
  27 yaks
  A vampire (D:9)
  2 basilisks
  2 steam dragons (D:6)
  Grum (D:5)
  A warg (D:10)
  Edmund (D:5)
  7 water moccasins
  Duvessa (D:4)
  5 orc warriors
  3 ice beasts
  A black bear (D:8)
  4 centaurs
  14 wolves
  2 phantoms (D:6)
  3 lemures (D:4)
  Blork the orc (D:5)
  4 bullfrogs
  2 gnoll sergeants (D:5)
  2 kobold brigands
  6 scorpions
  Dowan (D:4)
  10 killer bees
  A howler monkey (D:10)
  An electric eel (D:9)
  5 jellies
  9 hounds
  5 orc priests
  3 gnoll shamans
  5 iguanas
  6 orc wizards
  5 hell rats
  18 gnolls
  10 adders
  A shadow imp (D:6)
  3 white imps (D:6)
  An ufetubus (D:6)
  3 worms
  5 dart slugs
  16 orcs
  7 bats
  9 endoplasms
  4 giant cockroaches
  11 goblins
  10 hobgoblins
  3 jackals
  13 kobolds
  3 quokkas
  7 ball pythons
  6 frilled lizards
  4 rats
337 creatures vanquished.

Vanquished Creatures (collateral kills)
  Gastronok (Lair:1)
  A fire dragon (Lair:6)
  A hydra (Lair:6)
  7 death yaks
  2 two-headed ogres (D:10)
  A merfolk siren (Lair:4)
  5 elephants
  3 torpor snails (Lair:6)
  9 cane toads
  4 komodo dragons
  A rime drake (Lair:4)
  An unseen horror (D:10)
  A tyrant leech (Lair:6)
  8 hornets
  A polar bear (Lair:6)
  4 dream sheep
  9 blink frogs
  A wyvern (Lair:3)
  A wraith (D:8)
  32 yaks
  A shadow (D:10)
  2 basilisks
  A warg (D:10)
  11 water moccasins
  5 orc warriors
  5 wolves
  A centaur (D:9)
  A kobold brigand (D:8)
  2 bullfrogs
  A scorpion (D:7)
  2 necrophages (D:8)
  A gnoll sergeant (D:9)
  A wight (D:10)
  3 killer bees
  A gnoll shaman (D:6)
  4 orc priests
  An iguana (D:7)
  6 orc wizards
  A hell rat (Lair:5)
  5 gnolls
  14 orcs
  2 endoplasms (Lair:6)
  2 kobolds (D:8)
166 creatures vanquished.

Vanquished Creatures (others)
  A cyclops (D:10)
  An ancestor (D:7)
  23 battlemagi
  38 fungi
  63 plants
126 creatures vanquished.

Grand Total: 629 creatures vanquished

Table legend:
 A = Non-vault XP
 B = Vault XP
 C = Vault XP percentage of total XP
 D = Non-vault monster count
 E = Vault monster count
 F = Vault count percentage of total count
                 A         B        C        D         E       F
            +---------+---------+-------+---------+---------+-------
      Total |   62664 |   22810 |  26.7 |     356 |     145 |  28.9
            +---------+---------+-------+---------+---------+-------
        D:1 |      49 |       0 |   0.0 |      26 |       0 |   0.0
        D:2 |      38 |       0 |   0.0 |      12 |       0 |   0.0
        D:3 |     133 |     130 |  49.4 |       7 |      16 |  69.6
        D:4 |     505 |     865 |  63.1 |      21 |      13 |  38.2
        D:5 |     225 |    1451 |  86.6 |       9 |      26 |  74.3
        D:6 |    1194 |     185 |  13.4 |      25 |       5 |  16.7
        D:7 |    1487 |       0 |   0.0 |      16 |       0 |   0.0
        D:8 |     774 |     559 |  41.9 |      26 |       3 |  10.3
        D:9 |    1876 |    1205 |  39.1 |      20 |      21 |  51.2
       D:10 |    3806 |    8288 |  68.5 |      24 |      36 |  60.0
     Lair:1 |    3896 |    1839 |  32.1 |      22 |       2 |   8.3
     Lair:2 |    2475 |       0 |   0.0 |      12 |       0 |   0.0
     Lair:3 |    3642 |     863 |  19.2 |      14 |       1 |   6.7
     Lair:4 |    5836 |     481 |   7.6 |      23 |       1 |   4.2
     Lair:5 |   21391 |       0 |   0.0 |      60 |       0 |   0.0
     Lair:6 |   15337 |    6944 |  31.2 |      39 |      21 |  35.0
            +---------+---------+-------+---------+---------+-------

Illustrated notes

Table legend:
 A = Kills in this place as a percentage of kills in entire the game.
 B = Kills by you in this place as a percentage of kills by you in the entire game.
 C = Kills by friends in this place as a percentage of kills by friends in the entire game.
 D = Other kills in this place as a percentage of other kills in the entire game.
 E = Experience gained in this place as a percentage of experience gained in the entire game.
 F = Experience gained in this place divided by the number of levels of this place that you have seen.
                   A       B       C       D       E      F
               +-------+-------+-------+-------+-------+----------------------
         Total | 100.0 | 100.0 | 100.0 | 100.0 | 100.0 | 5027.9
       Dungeon |  61.1 |  71.3 |  40.4 | 100.0 |  26.6 | 2277.0
          Lair |  38.9 |  28.7 |  59.6 |   0.0 |  73.4 | 10450.7
               +-------+-------+-------+-------+-------+----------------------

Table legend: (Time is in decaauts)
 A = Elapsed time spent in this place.
 B = Non-inter-level travel time spent in this place.
 C = Inter-level travel time spent in this place.
 D = Time resting spent in this place.
 E = Time spent auto-exploring this place.
 F = Levels seen in this place.
 G = Mean time per level.
                   A        B        C        D        E       F      G
               +--------+--------+--------+--------+--------+-----+--------+
         Total |  21515 |  20798 |    717 |   3816 |  13368 |  17 | 1265.6 |
       Dungeon |  10985 |  10663 |    322 |   1217 |   7328 |  10 | 1098.5 |
        Temple |    220 |    190 |     30 |      0 |    155 |   1 |  220.0 |
          Lair |  10309 |   9945 |    364 |   2599 |   5885 |   6 | 1718.2 |
               +--------+--------+--------+--------+--------+-----+--------+

Top non-repeatable levels by time:
  Lair:5: 3607 daAuts
  Lair:6: 2324 daAuts
     D:4: 2066 daAuts
     D:9: 1434 daAuts
  Lair:4: 1401 daAuts
    D:10: 1302 daAuts
  Lair:1: 1252 daAuts
     D:6: 1193 daAuts
     D:5: 1179 daAuts
     D:7: 1003 daAuts
  Lair:2: 924 daAuts
  Lair:3: 798 daAuts
     D:8: 736 daAuts
     D:2: 722 daAuts
     D:3: 705 daAuts
